 Dungeon Crawl Stone Soup version 0.22.0-49-gab54619 (webtiles) character file.

575 Markonkel the Chopper (level 7, -1/61 HPs)
             Began as a Hill Orc Monk on Sept 6, 2018.
             Was a Believer of Beogh.
             Slain by an ogre
             ... wielding a +0 giant spiked club
              (5 damage)
             ... on level 6 of the Dungeon.
             The game lasted 00:46:38 (4388 turns).

Markonkel the Chopper (Hill Orc Monk)               Turns: 4388, Time: 00:46:39

Health: -1/61      AC:  8    Str: 15    XL:     7   Next: 35%
Magic:  16/16      EV: 10    Int: 11    God:    Beogh [**....]
Gold:   244        SH:  0    Dex: 13    Spells: 6/6 levels left

rFire    . . .     SeeInvis .   v - +2 quarterstaff (chaos)
rCold    . . .     Gourm    .   (shield currently unavailable)
rNeg     . . .     Faith    .   e - +1 scale mail
rPois    .         Spirit   .   o - +0 helmet
rElec    .         Reflect  .   (no cloak)
rCorr    .         Harm     .   (no gloves)
MR       +....                  (no boots)
Stlth    +.........             (no amulet)
HPRegen  0.20/turn              d - ring of magical power
MPRegen  0.15/turn              l - ring of protection from magic

@: about to teleport
A: no striking features
a: Smiting, Renounce Religion


You were on level 6 of the Dungeon.
You worshipped Beogh.
Beogh was pleased with you.
You were not hungry.

You visited 1 branch of the dungeon, and saw 6 of its levels.
You also visited: Sewer.

You collected 244 gold pieces.

Inventory:

Hand Weapons
 a - a +0 hand axe
 v - a +2 quarterstaff of chaos (weapon)
 y - a +0 shortbow
Missiles
 h - 41 stones
 j - 29 bolts
 k - 51 arrows
 x - 4 javelins (quivered)
Armour
 e - a +1 scale mail (worn)
 f - a +0 ring mail
 g - a +0 centaur barding
 o - a +0 helmet (worn)
 t - a +0 scale mail
Jewellery
 d - a ring of magical power (left hand)
 l - a ring of protection from magic (right hand)
Wands
 u - a wand of digging (9)
Scrolls
 m - a scroll of fog {unknown}
 B - a scroll of enchant armour
Potions
 i - a potion of magic {unknown}
 n - a potion of might {unknown}
 p - a potion of curing {unknown}
 q - a potion of ambrosia {unknown}
 r - a potion of haste
 s - a potion of brilliance {unknown}
 A - a potion of degeneration {unknown}
 C - a potion of berserk rage {unknown}
Comestibles
 c - 5 rations
 w - 4 chunks of flesh


   Skills:
 + Level 5.1 Fighting
 + Level 5.4 Axes
 + Level 3.9 Staves
 + Level 3.0 Armour
 + Level 3.3 Dodging
 + Level 2.2 Stealth


You had 6 spell levels left.
You didn't know any spells.
Your spell library was empty.

Dungeon Overview and Level Annotations

Branches:
Dungeon (7/15)
 Temple: D:4-7

Altars:
Cheibriados
Gozag
Hepliaklqana
Ru

Shops:
D:4 }


Message History

The orc priest hits you but does no damage.
Items here: ( )) [ †† You hit the orc priest.
The orc priest goes berserk!
The orc priest is moderately wounded.
The orc priest hits you but does no damage.
The ogre hits you with a giant spiked club.
* * * LOW HITPOINT WARNING * * *
Your scale mail prevents you from hitting the orc priest.
The orc priest is moderately wounded.
The orc priest hits you with a mace.
* * * LOW HITPOINT WARNING * * *
The ogre barely misses you.
As you read the scroll of teleportation, it crumbles to dust.
You feel strangely unstable. The orc priest hits you with a mace!
* * * LOW HITPOINT WARNING * * *
You hit the orc warrior but do no damage.
The orc warrior flickers and vanishes!
Deactivating autopickup; reactivate with Ctrl-A.
The ogre hits you with a giant spiked club.
You die...

.# .# .# #.## ...#
###...#.#
##########o......#
#.....gO@{o:.....#
#.###.###o.........
#.###.# #.##.......
#.g(g.# #.# ...##..
######.##### #.#
#### . ####......#
#.# ..[...###.# ...
####..# #.# .#.
#..# #.#


You could see an ogre, 2 orc priests, a gnoll and an orc.

Vanquished Creatures
  Purgy (Sewer)
  A centaur (D:6)
  A big kobold (D:7)
  A scorpion (D:6)
  Crazy Yiuf (D:2)
  3 worker ants
  2 gnolls (D:2)
  4 adders
  A shadow imp (D:7)
  An adder skeleton (D:7)
  5 worms
  A dart slug (D:2)
  5 orcs
  12 bats
  3 giant cockroaches
  10 goblins
  11 hobgoblins
  5 jackals (D:3)
  12 kobolds
  3 quokkas
  8 frilled lizards
  A jackal skeleton (D:6)
  4 rats
96 creatures vanquished.

Vanquished Creatures (others)
  Sigmund (D:6)
  A gnoll sergeant (D:6)
  4 gnolls (D:6)
  3 orcs (D:6)
9 creatures vanquished.

Grand Total: 105 creatures vanquished

Notes
Turn   | Place    | Note
-------+----------+-------------------------------------------
     0 | D:1      | Markonkel the Hill Orc Monk began the quest for the Orb.
     0 | D:1      | Reached XP level 1. HP: 19/19 MP: 1/1
   102 | D:1      | Reached XP level 2. HP: 15/27 MP: 2/2
   577 | D:1      | Reached XP level 3. HP: 24/33 MP: 3/3
   951 | D:2      | Found a snail-covered altar of Cheibriados.
  1647 | D:2      | Found a runed door.
  1655 | D:2      | Noticed Crazy Yiuf
  1680 | D:2      | Killed Crazy Yiuf
  1680 | D:2      | Reached skill level 5 in Axes
  1680 | D:2      | Reached XP level 4. HP: 7/41 MP: 4/4
  2814 | D:3      | Reached XP level 5. HP: 47/47 MP: 5/5
  2863 | D:3      | Reached skill level 1 in Armour
  2928 | D:3      | Found a glowing drain.
  2959 | Sewer    | Entered a sewer
  3000 | Sewer    | Noticed Purgy
  3014 | Sewer    | Killed Purgy
  3014 | Sewer    | Reached XP level 6. HP: 30/53 MP: 6/6
  3773 | D:3      | Found a sacrificial altar of Ru.
  3826 | D:4      | Found an opulent altar of Gozag.
  3826 | D:4      | Found a hazy altar of Hepliaklqana.
  3886 | D:4      | Found Gofo's Gadget Shoppe.
  3895 | D:4      | You fall through a shaft for 3 floors!
  4041 | D:7      | Reached skill level 5 in Fighting
  4057 | D:7      | Reached XP level 7. HP: 61/61 MP: 7/7
  4109 | D:6      | Noticed Sigmund
  4110 | D:6      | Became a worshipper of Beogh the Brigand
  4110 | D:6      | Reached * piety under Beogh
  4110 | D:6      | Reached ** piety under Beogh
  4124 | D:6      | Killed Sigmund
  4388 | D:6      | Slain by an ogre

Skill      XL: |  1  2  3  4  5  6  7 |
---------------+----------------------+-----
Fighting       | 4 5 |  5.1
Axes           | 5 |  5.4
Stealth        | 2 |  2.2
Dodging        | 3 |  3.3
Armour         | 1 2 3 |  3.0
Staves         | 2 3 |  3.9

Action                   |  1- 3 |  4- 6 |  7- 9 || total
-------------------------+-------+-------+-------++-------
Melee: Hand axe          |   148 |       |       ||   148
       Quarterstaff      |       |   179 |    34 ||   213
Invok: Convert to Beogh  |       |       |     1 ||     1
  Use: Scroll            |     2 |     8 |     1 ||    11
       Potion            |       |       |     1 ||     1
 Stab: Sleeping          |     2 |       |       ||     2
       Petrified         |       |     2 |       ||     2
  Eat: Chunk             |     1 |     6 |     1 ||     8
       Ration            |     1 |       |       ||     1
Armor: Robe              |    19 |       |       ||    19
       Scale mail        |     8 |   111 |     8 ||   127
Dodge: Dodged            |   109 |   112 |    16 ||   237
